 Dungeon Crawl Stone Soup version 0.28.0-53-g5a82cb258f (webtiles) character file.

Game seed: 3130068880129152317

278 issech the Chopper (level 6, -5/47 HPs)
             Began as a Minotaur Monk on May 22, 2022.
             Was a Believer of Hepliaklqana.
             Slain by a wyvern zombie (10 damage)
             ... on level 4 of the Dungeon.
             The game lasted 00:09:41 (3332 turns).

issech the Chopper (Minotaur Monk)                  Turns: 3332, Time: 00:09:41

Health: -5/47      AC:  6    Str: 15    XL:     6   Next: 5%
Magic:  5/5        EV: 11    Int:  7    God:    Hepliaklqana [**....]
Gold:   69         SH:  0    Dex: 15    Spells: 5/5 levels left

rFire   . . .      SeeInvis .   x - +4 flail "Ohou" {vorpal, rElec rC- rN++}
rCold   x . .      Faith    .   (no shield)
rNeg    + + .      Spirit   .   e - +0 scale mail
rPois   .          Reflect  .   (helmet restricted)
rElec   +          Harm     .   (no cloak)
rCorr   .          Rampage  .   (no gloves)
Will    .....                   (no boots)
Stlth   +.........              (no amulet)
HPRegen 0.15/turn               (no ring)
MPRegen 0.09/turn               (no ring)

@: no status effects
A: reduced essence, horns 2, retaliatory headbutt
a: Renounce Religion, Recall Ancestor, Ancestor Identity


You were on level 4 of the Dungeon.
You worshipped Hepliaklqana.
Hepliaklqana was pleased with you.
You visited 1 branch of the dungeon, and saw 4 of its levels.

You collected 69 gold pieces.

Inventory:

Hand Weapons
 a - a +0 hand axe
 f - a +0 falchion
 g - a +0 short sword
 m - a +0 trident
 n - a +0 spear
 u - a +0 flail
 x - the +4 flail "Ohou" (weapon) {vorpal, rElec rC- rN++}
   (You found it on level 3 of the Dungeon)

   It inflicts extra damage upon your enemies.
   rC:        It makes you vulnerable to cold.
   rElec:     It insulates you from electricity.
   rN:        It greatly protects you from negative energy.
 y - a +0 hand axe
 A - a +0 short sword
Missiles
 q - 65 stones (quivered)
 r - 8 poisoned darts
 t - 84 arrows
Armour
 b - a +0 robe
 e - a +0 scale mail (worn)
 k - a +0 ring mail
 s - a +0 ring mail
 v - a +0 ring mail
Scrolls
 h - 3 scrolls of identify {unknown}
 i - a scroll of noise {unknown}
 l - 2 scrolls of enchant armour {unknown}
 p - a scroll of blinking {unknown}
Potions
 c - 2 potions of curing {unknown}
 d - a potion of brilliance {unknown}
 j - a potion of degeneration {unknown}
 o - a potion of haste {unknown}
 w - a potion of lignification {unknown}
 z - a potion of heal wounds {unknown}


   Skills:
 + Level 4.7 Fighting
 + Level 5.4(5.5) Axes
 + Level 1.2(3.6) Maces & Flails
 + Level 1.0 Throwing
 + Level 2.5 Armour
 + Level 4.2 Dodging
 + Level 2.2 Stealth


You had 5 spell levels left.
You didn't know any spells.
Your spell library contained the following spells:

 Spells                   Type           Power      Damage    Failure   Level
 Summon Small Mammal      Summ           0%         N/A       87%         1
 Call Canine Familiar     Summ           0%         N/A       99%         3
 Gell's Gravitas          Tloc           0%         N/A       99%         3
 Summon Guardian Golem    Hex/Summ       0%         N/A       99%         3
 Teleport Other           Tloc           0%         N/A       99%         3
 Dispersal                Tloc           0%         N/A       100%        6


Dungeon Overview and Level Annotations

Branches:
Dungeon (4/15)
 Temple: D:4-7

Altars:
Hepliaklqana

Annotations:
D:4 Dillybarz's ghost, amateur MiFi


Innate Abilities, Weirdness & Mutations

Your life essence is reduced to manifest your ancestor. (-10% HP)
You have a pair of horns on your head.
You reflexively headbutt those who attack you in melee.


Message History

A wyvern zombie comes into view.
Found a metallic white potion and a scale mail.
Dillybarz's ghost whispers, "There is no future for you."
Found an inky potion.
Ijyb barely misses you.
You hit Ijyb but do no damage. Ijyb misses you. You furiously retaliate!
You headbutt Ijyb! You hit Ijyb.
Ijyb is severely wounded.
Ijyb zaps a wand.
Your mind is blasted!
The wyvern zombie bites you!
You hit Ijyb.
Ijyb is almost dead.
Ijyb zaps a wand.
You barely resist. The wyvern zombie barely misses you.
Ijyb hits you with a +0 dagger.
You closely miss Ijyb. You punch Ijyb.
Ijyb is almost dead.
The wyvern zombie bites you!
* * * LOW HITPOINT WARNING * * *
Manelesi points at Ijyb and mumbles some strange words.
The puff of frost hits Ijyb!
Ijyb dies!
The wyvern zombie bites you but does no damage.
You have reached level 6!
Manelesi remembers more of his old skill.
You swap places.
The wyvern zombie bites Manelesi but does no damage.
Manelesi hits the wyvern zombie with a +0 quarterstaff.
The wyvern zombie bites Manelesi!
Dillybarz's ghost whispers, "It is all a dream - a grotesque and foolish dream."
Manelesi points at the wyvern zombie and mumbles some strange words.
The stone arrow hits the wyvern zombie!
The wyvern zombie bites Manelesi!
Manelesi is destroyed!
You hit the wyvern zombie but do no damage.
The wyvern zombie is moderately damaged.
Dillybarz's ghost says, "They lied to you.
The Dungeon just goes down and down forever."
The wyvern zombie bites you!
* * * LOW HITPOINT WARNING * * *
You thump the wyvern zombie!
The wyvern zombie is moderately damaged.
The wyvern zombie bites you!
You die...

......##...##...
.......##W##....
........###.....
................
########.....#
......Z.#..>.#
......).#....#
........#..Z.#
.##.....#..@.#
###.!.##...#
#...##...#
..[.#....#
...!.#....#
#....###+###
#....'.....# ....
#....#.....+........
#....#.....#........


You could see Dillybarz's ghost and a wyvern zombie.

Vanquished Creatures
  Pargi (D:3)
  Terence (D:2)
  4 adders
  A worm (D:2)
  3 dart slugs (D:1)
  An orc (D:3)
  4 ball pythons
  6 bats
  6 endoplasms
  A goblin (D:1)
  4 hobgoblins
  3 jackals
  5 quokkas
  3 frilled lizards
  9 kobolds
  5 rats
57 creatures vanquished.

Vanquished Creatures (collateral kills)
  Ijyb (D:4)
  A hound skeleton (D:4)
  An adder (D:3)
  An orc (D:3)
  A hobgoblin (D:3)
  2 jackals (D:3)
  A kobold (D:3)
8 creatures vanquished.

Vanquished Creatures (others)
  A battlemage (D:4)
  8 fungi (D:1)
  8 plants
17 creatures vanquished.

Grand Total: 82 creatures vanquished

Notes
Turn   | Place    | Note
-------+----------+-------------------------------------------
     0 | D:1      | issech the Minotaur Monk began the quest for the Orb.
     0 | D:1      | Reached XP level 1. HP: 19/19 MP: 0/0
   110 | D:1      | Reached skill level 4 in Axes
   126 | D:1      | Reached XP level 2. HP: 13/26 MP: 1/1
   278 | D:1      | Found a faded altar of an unknown god.
   767 | D:1      | Reached XP level 3. HP: 33/33 MP: 2/2
  1474 | D:2      | Reached XP level 4. HP: 40/40 MP: 3/3
  1525 | D:2      | Noticed Terence
  1537 | D:2      | Killed Terence
  1914 | D:2      | Found a hazy altar of Hepliaklqana.
  1925 | D:2      | Became a worshipper of Hepliaklqana the Forgotten
  1925 | D:2      | Reached * piety under Hepliaklqana
  1925 | D:2      | Reached ** piety under Hepliaklqana
  1926 | D:2      | Remembered your ancestor Manelesi as a battlemage
  2102 | D:3      | Reached skill level 1 in Armour
  2240 | D:3      | Identified the +4 flail "Ohou" {vorpal, rElec rC- rN++}
  2249 | D:3      | Reached skill level 5 in Axes
  2340 | D:3      | Noticed Pargi
  2351 | D:3      | Killed Pargi
  2352 | D:3      | Reached skill level 1 in Maces & Flails
  2352 | D:3      | Reached XP level 5. HP: 12/41 MP: 4/4
  2723 | D:3      | Reached skill level 1 in Throwing
  3318 | D:4      | Noticed Dillybarz's ghost (amateur MiFi)
  3318 | D:4      | Noticed Ijyb
  3324 | D:4      | Killed Ijyb
  3325 | D:4      | Reached XP level 6. HP: 12/47 MP: 5/5
  3332 | D:4      | Slain by a wyvern zombie

Illustrated notes

Levels and vault maps discovered:
D:1:      dpeg_arrival_round_c, layout_loops_ring,
          dreamdust_ecumenical_altar_grove
D:2:      cheibrodos_old_hovel, layout_basic, basic_altar, uniq_terence
D:3:      layout_loops_corners, uniq_pargi
D:4:      layout_gridville, hellmonk_ghost_happy_afterlife,
          nicolae_concentric_dashed_squares_wild, minmay_ruptured, uniq_duvessa,
          uniq_grinder, uniq_ijyb

Skill      XL: |  1  2  3  4  5 |
---------------+----------------+-----
Axes           | 4 5 |  5.4
Stealth        | 2 |  2.2
Fighting       | 4 |  4.7
Dodging        | 4 |  4.2
Armour         | 2 |  2.5
Maces & Flails | 1 |  1.2
Throwing       | 1 |  1.0

Action                   |  1- 3 |  4- 6 || total
-------------------------+-------+-------++-------
Melee: Hand axe          |    82 |    28 ||   110
       Headbutt          |    10 |     7 ||    17
       Flail             |       |    30 ||    30
       Punch             |       |     1 ||     1
Throw: Dart              |     2 |     2 ||     4
       Stone             |    11 |     6 ||    17
Invok: Ancestor Life: Ba |       |     1 ||     1
 Stab: Sleeping          |     2 |       ||     2
Armor: Robe              |     8 |       ||     8
       Ring mail         |    13 |     1 ||    14
       Scale mail        |       |    32 ||    32
Dodge: Dodged            |    59 |    52 ||   111
